Map: Abyssal Reef LE

Players

Yata - Winner!

  • Race: Zerg Zerg
  • League: Bronze
  • Spawn Location: 11:00

A.I. 1 (Easy)

  • Race: Zerg Zerg
  • Spawn Location: 5:00

VOD

Have the link to the VOD?

Description

Time

  • Played on: July 10, 2017, 1:20 p.m.
  • Length: 8:28
Show
View Real Time Build Order
Export as new Build Order

Yata Zerg - Winner!

Build Orders: Hatch First 

Get SALT Encoding   

  12  0:01  Drone  
  13  0:14  Overlord  
  13  0:20  Drone  
  14  0:33  Drone  
  14  0:34  Drone  
  16  0:38  Drone  
  17  0:59  Hatchery  
  17  1:01  Drone x2  
  18  1:06  Extractor  
  17  1:16  Spawning Pool  
  16  1:19  Drone  
  16  1:22  Drone  
  18  1:37  Drone  
  19  1:46  Overlord  
  19  1:59  Drone  
  20  2:09  Queen  
  20  2:11  Queen  
  20  2:13  Metabolic Boost  
  24  2:18  Zergling x4  
  26  2:29  Baneling Nest  
  25  2:36  Drone x2  
  25  2:37  Drone x3  
  30  2:52  Drone x2  
  32  3:18  Extractor  
  31  3:21  Overlord x2  
  31  3:30  Baneling x4  
  31  3:41  Drone x4  
  32  3:42  Drone  
  32  3:43  Drone x2  
  32  3:44  Drone  
  39  4:03  Zergling x6  
  42  4:21  Hatchery  
  42  4:24  Queen  
  41  4:28  Overlord x2  
  43  4:43  Drone  
  44  4:48  Drone x2  
  44  4:49  Drone x2  
  48  4:53  Drone  
  49  5:00  Baneling x3  
  49  5:01  Baneling  
  46  5:31  Zergling x2  
  46  5:32  Zergling x22  
  56  5:48  Overlord x2  
  58  5:58  Lair  
  58  6:05  Pneumatized Carapace  
  55  6:39  Drone x8  
  62  6:40  Drone x7  
  62  6:41  Drone  
  62  6:43  Unknown  
  62  6:46  Overlord  
  62  6:47  Overlord  
  62  7:09  Unknown  
  62  7:16  Zergling x2  
  62  7:17  Zergling x32  
  62  7:18  Zergling x4  
  81  7:33  Drone, Evolution Chamber  
  81  7:40  Unknown  
  79  7:55  Zergling x8  
  79  7:56  Zergling x12  
Show
View Real Time Build Order
Export as new Build Order

A.I. 1 (Easy) Zerg 

Build Orders: Pool First 

Get SALT Encoding   

  12  0:00  Drone  
  13  0:12  Overlord  
  13  0:16  Drone  
  14  0:31  Drone  
  14  0:35  Drone  
  16  0:42  Spawning Pool  
  15  0:45  Drone  
  15  0:48  Extractor  
  15  0:51  Drone  
  16  0:58  Overlord  
  16  1:31  Zergling x2, Queen  
  19  1:33  Roach Warren  
  19  1:34  Extractor  
  19  1:36  Drone  
  19  1:37  Zergling x2  
  19  1:41  Drone  
  20  1:52  Zergling x2  
  21  2:03  Zergling x2  
  22  2:13  Zergling x2  
  23  2:24  Zergling x2  
  24  2:35  Overlord  
  24  2:37  Zergling x2  
  24  2:38  Drone  
  27  2:44  Zergling x2  
  27  2:47  Drone  
  28  2:57  Drone  
  29  3:08  Drone  
  31  3:12  Drone  
  31  3:13  Overlord  
  31  3:17  Drone  
  32  5:20  Zergling x2  
  32  5:26  Overlord, Zergling x2  
  32  5:27  Lair  
  17  5:38  Zergling x2  
  17  5:42  Hatchery  
  17  5:51  Zergling x2  
  18  6:03  Zergling x2  
  19  6:15  Zergling x2  
  17  6:22  Drone  
  17  6:24  Overseer  
  17  6:27  Drone  
  17  6:28  Zergling x2, Overseer  
  17  6:31  Drone  
  17  6:32  Hatchery  
  16  6:35  Drone  
  12  6:40  Zergling x2  
  12  6:43  Drone  
  10  6:52  Drone  
  10  6:53  Zergling x2  
  7  6:56  Drone  
  7  7:05  Zergling x2, Drone  
  8  7:16  Drone  
  8  7:20  Spire  
  8  7:26  Drone  
  9  7:31  Zergling x2, Drone  
  11  7:38  Drone  
  11  7:43  Zergling x2  
  13  7:48  Drone  
  14  7:53  Drone  
  14  7:58  Zergling x2  
  13  8:00  Drone  
Tags
 
League
Bronze
Matchup
ZvZ
Race
Zerg
Replay Pack
Pack 1
Spawn Locations
Cross Positions
Add a new tag
Caveats
  • Supply blocks, unpowered buildings, or Contaminate may cause inaccurate times.
  • Supply counts are checked every 10 seconds.